 Dungeon Crawl Stone Soup version 0.30-a0-799-g109b55a442 (webtiles) character file.

Game seed: 11171898396819279278

39 Monkooky the Magician (level 3, 0/25 HPs)
             Began as a Djinni Venom Mage on Feb 20, 2023.
             Was a Follower of Cheibriados.
             Slain by a gnoll
             ... wielding a +0 club
              (4 damage)
             ... on level 2 of the Dungeon.
             The game lasted 00:04:01 (978 turns).

Monkooky the Magician (Djinni Venom Mage)            Turns: 978, Time: 00:04:02

Health: 0/25       AC:  3    Str:  9    XL:     3   Next: 67%
Gold:   32         EV: 12    Int: 20    God:    Cheibriados [*.....] SH:  0 Dex: 15

rFire   + + .      SeeInvis .    i - +0 short sword (venom)
rCold   x . .      Faith    .    (no shield)
rNeg    . . .      Spirit   .    a - +0 robe
rPois   ∞          Reflect  .    j - +0 helmet
rElec   .          Harm     .    m - scarf {repulsion}
rCorr   .          Rampage  .    (no gloves)
Will    .....                    (boots unavailable)
Stlth   ++                       (no amulet)
HPRegen 0.24/turn                (no ring)
MPRegen 0.00/turn                (no ring)

@: flying, repel missiles, very slow
A: sickness immunity, fire resistance 2, cold vulnerability 1, float, innate
caster, HP casting, extra vitality 1
a: Renounce Religion, Bend Time


You were on level 2 of the Dungeon.
You worshipped Cheibriados.
Cheibriados was aware of your devotion.
You visited 1 branch of the dungeon, and saw 2 of its levels.

You collected 32 gold pieces.

Inventory:

Hand Weapons
 h - a +0 short sword
 i - a +0 short sword of venom (weapon)
Missiles
 e - 3 poisoned darts
Armour
 a - a +0 robe (worn)
 j - a +0 helmet (worn)
 m - a scarf of repulsion (worn)
Scrolls
 b - a scroll of enchant weapon
 c - a scroll of amnesia
 f - a scroll of enchant armour {unknown}
 g - a scroll of summoning {unknown}
 k - 2 scrolls of fear
Potions
 d - a potion of heal wounds {unknown}
 l - a potion of brilliance {unknown}


   Skills:
 - Level 2.1 Dodging
 - Level 1.5 Stealth
 + Level 3.4 Spellcasting


You knew the following spells:

 Your Spells              Type           Power      Damage    Failure   Level
a - Sting                 Tmut/Pois      68%        1d6       3%          1
b - Poisonous Vapours     Pois/Air       34%        N/A       4%          2
c - Mephitic Cloud        Conj/Pois/Air  17%        N/A       10%         3
d - Olgreb's Toxic Radia  Pois           17%        N/A       32%         4
e - Freeze                Ice            68%        1d8       3%          1
Your spell library was empty.

Dungeon Overview and Level Annotations

Branches:
Dungeon (2/15)

Altars:
Cheibriados


Innate Abilities, Weirdness & Mutations

You are immune to sickness and miasma.
You are immune to poison.
Your flesh is very heat resistant. (rF++)
You are vulnerable to cold. (rC-)
You float through the air rather than walking.
You learn spells naturally, not from books.
Your magical power is your life essence.
You have superior vitality. (+4 MHP)


Message History

The gnoll is severely wounded.
A gnoll comes into view. It is wielding a +0 whip.
The gnoll hits you from afar with a +0 spear!
* * * LOW HITPOINT WARNING * * *
You aren't carrying any items that you can evoke.
You kill the gnoll!
Cheibriados appreciates the change of pace.
The gnoll shouts!
The gnoll is engulfed in noxious fumes.
The gnoll appears confused.
The gnoll hits the demonic plant with a +0 heavy spear!
The demonic plant begins to die.
There is a snail-covered altar of Cheibriados here.
Things that are here:
a frilled lizard corpse; an adder corpse A nearby demonic plant withers and dies.
Found 16 gold pieces.
Casting: Mephitic Cloud (quite dangerous; 10% risk of failure)
Confirm with . or Enter, or press ? or * to list all spells.
The spell is quite dangerous to miscast (10% risk of failure)!
Continue anyway?
Aiming: Mephitic Cloud (quite dangerous; 10% risk of failure)
Press: ? - help, Shift-Dir - straight line The ball explodes into a vile cloud!
The stinking cloud engulfs the plant but does no damage.
The stinking cloud engulfs you but does no damage.
The stinking cloud engulfs the fungus but does no damage.
The stinking cloud engulfs the gnoll but does no damage.
The gnoll is heavily wounded.
* * * LOW HITPOINT WARNING * * *
The gnoll is engulfed in noxious fumes.
The gnoll appears confused.
The gnoll is engulfed in noxious fumes.
The gnoll hits the plant with a +0 whip.
The plant begins to die.
The gnoll is engulfed in noxious fumes.
The gnoll appears confused.
The gnoll hits you with a +0 club.
* * * LOW HITPOINT WARNING * * *
You barely miss the gnoll.
The gnoll is heavily wounded.
The gnoll is engulfed in noxious fumes.
The gnoll appears confused.
The gnoll hits you with a +0 club.
You die...

## ### .# .. ##
#.#########.# .# #..
#.###..P.#.P..###.#
..# #.P...PP#P.P....#
#
$.##.P.P.P.#..P...P##.
#PP..P..P.#....)....#
#..PP.P.°._.....g.P.#
#.P.P..°P.#....PP..P#
###P@g..gP#P...P..##.
#.P..PP.#.......##.
#.###.PP.#..P.###...
## #.#########.#....
... #...... ###
######. #. #< ##


You could see 2 gnolls.

Vanquished Creatures
  A gnoll (D:2)
  An adder (D:2)
  2 ball pythons (D:1)
  4 endoplasms
  A hobgoblin (D:1)
  2 quokkas (D:1)
  3 bats (D:1)
  3 frilled lizards
  3 kobolds (D:1)
  A rat (D:1)
21 creatures vanquished.

Vanquished Creatures (others)
  4 demonic plants (D:2)
  A fungus (D:2)
  A withered plant (D:2)
6 creatures vanquished.

Grand Total: 27 creatures vanquished

Notes
Turn   | Place    | Note
-------+----------+-------------------------------------------
     0 | D:1      | Monkooky the Djinni Venom Mage began the quest for the Orb.
     0 | D:1      | Monkooky set off with the following spells memorised:
                  | Sting, Poisonous Vapours, Mephitic Cloud, Olgreb's Toxic
                  | Radiance.
     0 | D:1      | Reached XP level 1. HP: 15/15 MP: 0/0
   280 | D:1      | Reached XP level 2. HP: 20/21 MP: 0/0
   475 | D:1      | Reached skill level 3 in Spellcasting
   916 | D:2      | Found a faded altar of an unknown god.
   928 | D:2      | Reached XP level 3. HP: 21/25 MP: 0/0
   928 | D:2      | Learned a level 1 spell: Freeze
   930 | D:2      | Prayed at the altar of an unknown god.
   930 | D:2      | Became a worshipper of Cheibriados the Contemplative
   930 | D:2      | Reached * piety under Cheibriados
   978 | D:2      | Slain by a gnoll

Illustrated notes

Levels and vault maps discovered:
D:1:      minmay_arrival_open_corners, layout_loops_ring, glass_columns_a
D:2:      layout_loops_corners, shapermc_ecumenical_altar_gd

Skill      XL: |  1  2 |
---------------+-------+-----
Spellcasting   | 3 |  3.4
Dodging        | |  2.1
Stealth        | |  1.5

Action                     || total
---------------------------++-------
  Melee: Unarmed           ||     1
         Short sword       ||     5
   Cast: Sting             ||    40
         Poisonous Vapours ||     5
         Mephitic Cloud    ||     2
    Use: Scroll            ||     3
 Armour: Robe              ||     2
  Dodge: Dodged            ||     9

Table legend: (Time is in decaauts)
 A = Elapsed time spent in this place.
 B = Non-inter-level travel time spent in this place.
 C = Inter-level travel time spent in this place.
 D = Time resting spent in this place.
 E = Time spent auto-exploring this place.
 F = Levels seen in this place.
 G = Mean time per level.
                   A        B        C        D        E       F      G
               +--------+--------+--------+--------+--------+-----+--------+
         Total |    986 |    940 |     46 |      0 |    760 |   2 |  493.0 |
       Dungeon |    986 |    940 |     46 |      0 |    760 |   2 |  493.0 |
               +--------+--------+--------+--------+--------+-----+--------+

Top non-repeatable levels by time:
     D:1: 892 daAuts
     D:2: 94 daAuts
